 Dungeon Crawl Stone Soup version 0.17.0-28-g6e173f8 (webtiles) character file.

12190 fredomojojo the Grappler (level 11, -11/111 HPs)
             Began as a Troll Monk on Nov 22, 2015.
             Was an Elder of Trog.
             Mangled by Snorg (19 damage)
             ... on level 3 of the Orcish Mines.
             The game lasted 02:33:24 (7554 turns).

fredomojojo the Grappler (Troll Monk)               Turns: 7554, Time: 02:33:25

Health: -11/111    AC:  8    Str: 25    XL:     11   Next: 59%
Magic:  10/10      EV: 17    Int:  6    God:    Trog [****..]
Gold:   996        SH:  0    Dex: 14    Spells: 0 memorised, 10 levels left

rFire  . . .     SeeInvis .       - Unarmed
rCold  + . .     Clarity  .     U - +2 robe {rC+}
rNeg   . . .     SustAt   .     (no shield)
rPois  .         Gourm    +     (helmet restricted)
rElec  .         Spirit   .     O - +0 cloak
rCorr  .         Warding  .     (gloves unavailable)
rMut   +         Stasis   .     (boots unavailable)
MR     .....                    i - amulet of resist mutation
Stlth  ++........               r - +3 ring of strength
                                w - +3 ring of evasion

@: exhausted, drained, not resistant to hostile enchantments, unstealthy
A: unfitting armour, claws 3, fast metabolism 3, gourmand, regeneration 2,
shaggy fur 1, tough skin 2
a: Berserk, Trog's Hand, Brothers in Arms, Burn Spellbooks, Renounce Religion


You were on level 3 of the Orcish Mines.
You worshipped Trog.
Trog was greatly pleased with you.
You were completely stuffed.

You visited 2 branches of the dungeon, and saw 13 of its levels.

You collected 996 gold pieces.

Inventory:

Hand Weapons
 H - a +1 war axe of flaming
 M - a cursed +0 quarterstaff
 Q - a +0 executioner's axe of chopping
 S - a +0 quarterstaff of freezing
Missiles
 h - 16 tomahawks
 j - 4 large rocks
 N - 2 javelins of returning
 P - 5 throwing nets (quivered)
Armour
 O - a +0 cloak (worn)
 U - a +2 robe of cold resistance (worn)
Rods
 F - a +0 iron rod (12/12)
   (You found it on level 6 of the Dungeon)
Jewellery
 c - an uncursed ring of see invisible
 i - an amulet of resist mutation (around neck)
 n - an uncursed ring of poison resistance
 r - a +3 ring of strength (right claw)
 w - a +3 ring of evasion (left claw)
 y - a +2 ring of intelligence
 D - the ring "Wudas" {Ice +Fly rElec}
   (You found it on level 5 of the Dungeon)

   [ring of ice]

   It enhances your ice magic, and weakens your fire magic.
   It makes you vulnerable to fire.
   It protects you from cold.
   It insulates you from electricity.
   It lets you fly.
 R - an uncursed ring of ice
Wands
 J - a wand of paralysis (0)
 L - a wand of slowing (24)
Scrolls
 k - 2 scrolls of remove curse
 m - 8 scrolls of teleportation
 q - a scroll of immolation {unknown}
 t - a scroll of enchant weapon {unknown}
 v - 2 scrolls of fog
 C - 7 scrolls of identify
 G - a scroll of magic mapping {unknown}
Potions
 e - 5 potions of curing
 f - 2 potions of brilliance
 g - a potion of mutation {unknown}
 l - a potion of cure mutation
 o - a potion of poison {unknown}
 s - a potion of agility
 u - a potion of invisibility {unknown}
 x - a potion of flight {unknown}
 z - a potion of berserk rage
 B - a potion of lignification {unknown}
 E - a potion of might {unknown}
Comestibles
 b - 6 bread rations
 d - 4 meat rations
 p - 5 chunks of flesh
 A - a slice of pizza


   Skills:
 + Level 7.8(7.6) Fighting
 + Level 4.2(4.1) Throwing
 + Level 9.0(8.8) Dodging
 + Level 4.4(4.3) Stealth
 + Level 11.0(10.8) Unarmed Combat


You had 10 spell levels left.
You didn't know any spells.

Dungeon Overview and Level Annotations

Branches:
Dungeon (10/15)            Temple (0/1) D:7             Orc (3/4) D:9
    Elf (0/3) Orc:3
   Lair: D:8-11

Altars:
Elyvilon
Nemelex Xobeh
Okawaru
Ru
Sif Muna
Trog
Zin
The Shining One

Shops:
D:8 [   Orc:1 [

Annotations:
Orc:3 exclusion: oklob plant, Snorg


Innate Abilities, Weirdness & Mutations

You are too large for most types of armour.
You have claws for hands.
Your metabolism is lightning-fast.
You like to eat raw meat.
You heal very quickly.
You are covered in fur (AC +1).
You have very tough skin (AC +2).


Message History

Your two-headed ogre barely misses Snorg.
Snorg closely misses you. Snorg claws you!
* * * LOW HITPOINT WARNING * * *
Snorg claws you!
* * * LOW HITPOINT WARNING * * *
The orc hits your two-headed ogre with a hand axe.
The orc misses you.
Quivering
P - 6 throwing nets for throwing.
Throwing (i - inventory. (,) - cycle):
P - 6 throwing nets (quivered)
Press: ? - help, Shift-Dir - straight line, f/p - Snorg
Aim: Snorg (severely wounded, berserk, fast, unusually strong)
You throw a throwing net. The throwing net closely misses Snorg.
Your two-headed ogre hits Snorg with a giant club!!
Your two-headed ogre completely misses Snorg.
Snorg closely misses you. Snorg claws you.
* * * LOW HITPOINT WARNING * * *
Snorg barely misses you. The orc misses you.
The orc hits your two-headed ogre with a hand axe!
Snorg bites you!!
You die...

.. ...............#.
##.................
##...................
##................#..#
###................o....
..).....................
..#)..............#.$...
##)..............Oo..#
##)..#.........#@T.(##
##..##....#.....#o###
#..).#.......#..###
###.........##...#
###...#...###.##
#.#..###.## ###
##..#.##### ##......
#......##


You could see Snorg (berserk), 3 orcs and a friendly two-headed ogre (berserk).

Vanquished Creatures
  Rupert (Orc:2)
  Harold (Orc:1)
  Erica (D:10)
  Urug (Orc:2)
  An orc knight (Orc:3)
  An orc sorcerer (Orc:3)
  Maurice (D:9)
  A gargoyle (D:9)
  A troll (D:9)
  The ghost of AAAAA the Conjurer, an amateur DrWz (D:4)
  Eustachio (D:6)
  2 hippogriffs
  A warg (Orc:1)
  A hungry ghost (D:9)
  A water moccasin (D:8)
  8 orc warriors
  4 ice beasts
  2 sky beasts (D:6)
  4 phantoms
  2 centaurs
  8 ogres
  A big kobold (D:7)
  4 giant frogs
  4 killer bees (D:8)
  4 scorpions
  A troll zombie (D:9)
  4 crimson imps
  A quasit (D:6)
  11 hounds
  4 jellies
  18 orc wizards
  An iguana (D:8)
  A centaur skeleton (D:4)
  2 giant frog zombies (D:5)
  8 orc priests
  6 worker ants
  4 ogre zombies (D:9)
  2 hound skeletons (D:4)
  A worker ant zombie (D:6)
  9 adders
  14 gnolls
  3 shadow imps
  An adder zombie (D:5)
  2 adder skeletons (D:8)
  A worm (D:3)
  2 giant geckos (D:2)
  82 orcs
  A ball python (D:3)
  3 giant cockroaches
  4 hobgoblins
  8 kobolds
  3 quokkas
  2 bats (D:1)
  A giant gecko skeleton (D:4)
  13 giant newts
  6 goblins
  2 goblin zombies (D:9)
  2 hobgoblin skeletons (D:9)
  A hobgoblin zombie (D:9)
  4 orc skeletons (D:9)
  8 orc zombies (D:9)
  2 quokka skeletons
  A quokka zombie (D:5)
  3 rats (D:1)
299 creatures vanquished.

Vanquished Creatures (collateral kills)
  Fannar (Orc:2)
  An ogre (Orc:3)
  3 orcs
5 creatures vanquished.

Grand Total: 304 creatures vanquished

Notes
Turn   | Place    | Note
--------------------------------------------------------------
     0 | D:1      | fredomojojo the Troll Monk began the quest for the Orb.
     0 | D:1      | Reached XP level 1. HP: 22/22 MP: 0/0
   102 | D:1      | Reached XP level 2. HP: 29/29 MP: 1/1
   218 | D:2      | Reached XP level 3. HP: 36/36 MP: 2/2
   468 | D:1      | You fall through a shaft!
   543 | D:2      | Found an iron altar of Okawaru.
   740 | D:3      | Reached XP level 4. HP: 44/44 MP: 3/3
   777 | D:3      | Noticed an ogre
   780 | D:3      | Killed an ogre
   780 | D:3      | Reached skill level 5 in Unarmed Combat
   780 | D:3      | Reached XP level 5. HP: 51/53 MP: 4/4
   849 | D:3      | Found a glowing silver altar of Zin.
  1102 | D:2      | You fall through a shaft for 2 floors!
  1133 | D:4      | Noticed AAAAA's ghost (amateur DrWz)
  1192 | D:4      | Killed AAAAA's ghost
  1192 | D:4      | Reached XP level 6. HP: 47/61 MP: 5/5
  1326 | D:5      | Entered Level 5 of the Dungeon
  1512 | D:5      | Reached skill level 1 in Throwing
  1569 | D:5      | Reached XP level 7. HP: 61/68 MP: 6/6
  1601 | D:5      | Reached skill level 6 in Unarmed Combat
  2287 | D:5      | Got a faintly glowing jade ring
  2329 | D:5      | Identified the ring "Wudas" {Ice +Fly rElec} (You found it on level 5 of the Dungeon)
  2913 | D:6      | Reached XP level 8. HP: 77/79 MP: 7/7
  2956 | D:6      | Found a sacrificial altar of Ru.
  3124 | D:6      | Reached skill level 7 in Unarmed Combat
  3172 | D:6      | Reached skill level 5 in Dodging
  3215 | D:6      | Reached skill level 5 in Fighting
  3246 | D:6      | Found a deep blue altar of Sif Muna.
  3280 | D:6      | Found a glowing golden altar of the Shining One.
  3309 | D:6      | Found a bloodstained altar of Trog.
  3315 | D:6      | Became a worshipper of Trog the Wrathful
  3315 | D:6      | Reached * piety under Trog
  3315 | D:6      | Reached ** piety under Trog
  3489 | D:7      | Reached skill level 8 in Unarmed Combat
  3492 | D:7      | Found a staircase to the Ecumenical Temple.
  3551 | D:6      | Reached XP level 9. HP: 81/88 MP: 8/8
  3582 | D:6      | Noticed Eustachio
  3603 | D:6      | Killed Eustachio
  4155 | D:8      | Found a flagged portal.
  4163 | D:8      | Reached *** piety under Trog
  4450 | D:8      | Found a white marble altar of Elyvilon.
  4599 | D:8      | Found Kaim's Antique Armour Shoppe.
  5044 | D:7      | Reached skill level 9 in Unarmed Combat
  5496 | D:9      | Reached XP level 10. HP: 93/100 MP: 9/9
  5517 | D:9      | Found a staircase to the Orcish Mines.
  5629 | D:9      | Noticed a gargoyle
  5781 | D:10     | Entered Level 10 of the Dungeon
  5802 | D:10     | Noticed Erica
  5815 | D:10     | Killed Erica
  5867 | D:9      | Killed a gargoyle
  6018 | D:9      | Found a sparkling altar of Nemelex Xobeh.
  6097 | D:9      | Noticed Maurice
  6104 | D:9      | Paralysed by Maurice for 5 turns
  6116 | D:9      | Killed Maurice
  6164 | D:9      | Reached **** piety under Trog
  6164 | D:9      | Received a gift from Trog
  6221 | Orc:1    | Entered Level 1 of the Orcish Mines
  6224 | Orc:1    | Noticed Harold
  6241 | Orc:1    | Killed Harold
  6241 | Orc:1    | Reached skill level 10 in Unarmed Combat
  6599 | Orc:1    | Found Poruraid's Armour Emporium.
  6850 | Orc:2    | Noticed Urug
  6865 | Orc:2    | Killed Urug
  6865 | Orc:2    | Reached XP level 11. HP: 51/109 MP: 10/10
  6911 | Orc:2    | Noticed Rupert
  6913 | Orc:2    | Noticed Fannar
  6927 | Orc:2    | Killed Fannar
  6939 | Orc:2    | Killed Rupert
  7324 | Orc:3    | Found a staircase to the Elven Halls.
  7504 | Orc:3    | Reached skill level 11 in Unarmed Combat
  7512 | Orc:3    | Reached ***** piety under Trog
  7541 | Orc:3    | Noticed Snorg
  7554 | Orc:3    | Mangled by Snorg

Action                   |  1- 3 |  4- 6 |  7- 9 | 10-12 || total
-------------------------+-------+-------+-------+-------++-------
Melee: Unarmed           |    53 |    94 |   385 |   339 ||   871
Throw: Large rock        |     5 |    14 |    34 |    28 ||    81
       Tomahawk          |       |     2 |     7 |    13 ||    22
       Throwing net      |       |       |       |     1 ||     1
Invok: Trog's Hand       |       |       |     2 |     6 ||     8
       Berserk           |       |       |     1 |     4 ||     5
       Brothers in Arms  |       |       |       |     3 ||     3
Evoke: Wand              |       |       |       |     2 ||     2
  Use: Scroll            |     2 |       |     5 |     1 ||     8
       Potion            |       |       |     6 |     3 ||     9
 Stab: Sleeping          |     2 |       |     5 |     8 ||    15
       Distracted        |       |       |     2 |       ||     2
  Eat: Chunk             |     4 |     6 |    36 |    31 ||    77
       Bread ration      |       |     1 |       |       ||     1
       Pizza             |       |       |     1 |     1 ||     2
       Meat ration       |       |       |     1 |       ||     1
